 Dungeon Crawl Stone Soup version 0.15-a0-672-g38fd0bf (webtiles) character file.

132 BluebellGnoll the Chopper (level 4, -7/39 HPs)
             Began as a Minotaur Fighter on May 8, 2014.
             Mangled by Prince Ribbit (12 damage)
             ... on Level 4 of the Dungeon.
             The game lasted 00:07:55 (2211 turns).

BluebellGnoll the Chopper (Minotaur Fighter)        Turns: 2211, Time: 00:07:56

HP  -7/39        AC  8     Str 22      XL: 4   Next: 92%
MP   2/2         EV  7     Int  5      God:
Gold 62          SH 20     Dex 10      Spells:  0 memorised,  3 levels left

rFire  + . .     SeeInvis .     a - +0 war axe
rCold  . . .     Clarity  +     b - +0 scale mail
rNeg   . . .     Conserve .     c - +0 shield
rPois  .         rCorr    .     (helmet restricted)
rElec  .         rRot     .     (no cloak)
SustAb . .       Spirit   .     t - +0 pair of gloves
rMut   .         Warding  .     (no boots)
Saprov . . .     Stasis   .     v - amulet of clarity
MR     .....                    q - ring of protection from fire
                                y - cursed -4 ring of strength

@: mighty, very slightly contaminated, not resistant to hostile enchantments,
extremely unstealthy
A: retaliatory headbutt, horns 2
a: no special abilities


You were on level 4 of the Dungeon.
You were not hungry.

You visited 1 branch of the dungeon, and saw 4 of its levels.

You collected 62 gold pieces.

Inventory:

Hand weapons
 a - a +0,+0 war axe (weapon)
 u - a +2,+0 sling
 x - a +2,+2 sling
Missiles
 g - 17 darts (quivered)
 j - 13 sling bullets
Armour
 b - a +0 scale mail (worn)
 c - a +0 shield (worn)
 t - a +0 pair of gloves (worn)
Comestibles
 d - 5 bread rations
 f - a chunk of jackal flesh
 n - a pear
 s - a meat ration
 z - a chunk of rat flesh
Scrolls
 h - 2 scrolls of teleportation
 m - 3 scrolls of identify
Jewellery
 i - an uncursed ring of flight
 p - an uncursed amulet of resist mutation
 q - a ring of protection from fire (right hand)
 v - an amulet of clarity (around neck)
 y - a cursed -4 ring of strength (left hand)
Potions
 k - a potion of mutation {unknown}
 l - 2 potions of curing


   Skills:
 - Level 3.6 Fighting
 + Level 5.4 Axes
 - Level 3.6 Armour
 + Level 4.7 Shields


You had 3 spell levels left.
You didn't know any spells.

Dungeon Overview and Level Annotations

Branches:
Dungeon (4/15)
 Temple: D:4-7

Altars:
The Shining One

Annotations:
D:4 Prince Ribbit


Innate Abilities, Weirdness & Mutations

You reflexively headbutt those who attack you in melee.
You have a pair of horns on your head.


Message History

* * * LOW HITPOINT WARNING * * *
Prince Ribbit hits you but does no damage.
You closely miss Prince Ribbit. Prince Ribbit closely misses you.
Prince Ribbit closely misses you. You furiously retaliate!
You headbutt Prince Ribbit! You slash Prince Ribbit!
Your headbutt misses Prince Ribbit.
Prince Ribbit is heavily wounded.
Prince Ribbit barely misses you. You furiously retaliate!
You headbutt Prince Ribbit! You block Prince Ribbit's attack.
You slash Prince Ribbit!
Prince Ribbit is almost dead.
Prince Ribbit hits you.
* * * LOW HITPOINT WARNING * * *
Prince Ribbit hops awkwardly around.
Prince Ribbit barely misses you.
Prince Ribbit momentarily phases out as your attack passes through him.
Your headbutt misses Prince Ribbit.
Prince Ribbit is almost dead.
Prince Ribbit hits you!
You die...

§§....'.#
#.....##.+
§§....###
#.....# ##
+######
#.....#
####(## #..#
#. #####.###
#....F..####
#.<...@....#
#.......##.#
.....>...#
##.......#
#.......#
#.......#
########


You could see Prince Ribbit.

Vanquished Creatures
  An orc priest (D:3)
  2 adders
  6 giant geckos
  3 oozes
  6 orcs (D:3)
  3 ball pythons
  A bat skeleton (D:3)
  5 giant cockroaches
  5 hobgoblins
  3 jackals (D:3)
  8 kobolds
  A quokka (D:3)
  5 bats
  4 giant newts
  8 goblins
  6 rats
67 creatures vanquished.

Notes
Turn   | Place    | Note
--------------------------------------------------------------
     0 | D:1      | BluebellGnoll, the Minotaur Fighter, began the quest for the Orb.
     0 | D:1      | Reached XP level 1. HP: 19/19 MP: 1/1
   228 | D:1      | Reached XP level 2. HP: 26/26 MP: 1/1
   676 | D:1      | Reached skill level 4 in Axes
   901 | D:2      | Reached XP level 3. HP: 31/31 MP: 2/2
  1163 | D:2      | Found a glowing golden altar of the Shining One.
  1580 | D:3      | Reached skill level 5 in Axes
  1580 | D:3      | Reached XP level 4. HP: 3/39 MP: 2/2
  2203 | D:4      | Noticed Prince Ribbit
  2211 | D:4      | Mangled by Prince Ribbit

Action                   |  1- 3 |  4- 6 || total
-------------------------+-------+-------++-------
Melee: War axe           |   114 |    53 ||   167
Throw: Dart              |     2 |     4 ||     6
  Use: Potion            |     1 |     1 ||     2
       Scroll            |       |     5 ||     5
